 Dungeon Crawl Stone Soup version 0.26-b1-32-g5d43845 (webtiles) character file.

Game seed: 2472796128993422680

254 arb the Grasshopper (level 6, 0/50 HPs)
             Began as a Gnoll Warper on Jan 12, 2021.
             Hit by a boomerang thrown by an orc (1 damage)
             ... on level 4 of the Dungeon.
             The game lasted 00:06:38 (4027 turns).

arb the Grasshopper (Gnoll Warper)                  Turns: 4027, Time: 00:06:38

Health: 0/50       AC:  6    Str: 13    XL:     6   Next: 14%
Magic:  22/22      EV: 11    Int: 17    God:
Gold:   147        SH:  0    Dex: 15    Spells: 4/15 levels left

rFire    . . .     SeeInvis .   a - +0 mace
rCold    . . .     Faith    .   (no shield)
rNeg     . . .     Spirit   .   n - +0 scale mail
rPois    .         Reflect  .   (no helmet)
rElec    .         Harm     .   (no cloak)
rCorr    .         Rampage  .   (no gloves)
Will     .....                  (no boots)
Stlth    +.........             (no amulet)
HPRegen  0.16/turn              v - ring of magical power
MPRegen  0.18/turn              (no ring)

@: lethally poisoned (0 -> -2)
A: distributed training, fangs 1, strong nose
a: no special abilities


You were on level 4 of the Dungeon.
You visited 1 branch of the dungeon, and saw 4 of its levels.

You collected 147 gold pieces.

Inventory:

Hand Weapons
 a - a +0 mace (weapon)
 g - a cursed -3 whip
Missiles
 c - 74 stones
 e - 5 boomerangs of dispersal
 j - 11 poisoned darts (quivered)
 k - 45 bolts
 l - 26 sling bullets
 u - 7 javelins
Armour
 b - a +0 leather armour
 f - a +0 chain mail
 n - a +0 scale mail (worn)
Jewellery
 t - an uncursed amulet of reflection
 v - a ring of magical power (left hand)
Scrolls
 d - 3 scrolls of blinking
 h - 3 scrolls of amnesia {unknown}
 i - a scroll of fear {unknown}
Potions
 m - a potion of ambrosia {unknown}
 o - a potion of curing
 p - 2 potions of heal wounds
 q - 2 potions of mutation {unknown}
 r - 2 potions of cancellation {unknown}
 s - a potion of brilliance {unknown}


   Skills:
 + Level 4.9 Fighting
 + Level 1.8 Short Blades
 + Level 1.8 Long Blades
 + Level 1.8 Axes
 + Level 4.9 Maces & Flails
 + Level 1.8 Polearms
 + Level 1.8 Staves
 + Level 1.8 Slings
 + Level 1.8 Bows
 + Level 1.8 Crossbows
 + Level 3.1 Throwing
 + Level 3.1 Armour
 + Level 4.9 Dodging
 + Level 1.8 Stealth
 + Level 1.8 Shields
 + Level 1.8 Unarmed Combat
 + Level 5.3 Spellcasting
 + Level 1.4 Conjurations
 + Level 1.4 Hexes
 + Level 1.4 Summonings
 + Level 1.4 Necromancy
 + Level 5.6 Translocations
 + Level 1.4 Transmutations
 + Level 1.4 Fire Magic
 + Level 1.4 Ice Magic
 + Level 1.4 Air Magic
 + Level 1.4 Earth Magic
 + Level 1.4 Poison Magic
 + Level 2.0 Invocations
 + Level 1.8 Evocations


You had 4 spell levels left.
You knew the following spells:

 Your Spells              Type           Power        Failure   Level
a - Blink                 Tloc           N/A          10%         2
b - Gell's Gravitas       Tloc           11%          19%         3
c - Lesser Beckoning      Tloc           11%          19%         3
d - Teleport Other        Tloc           23%          19%         3

Your spell library contained the following spells:

 Spells                   Type           Power        Failure   Level
 Passage of Golubria      Tloc           N/A          52%         4


Dungeon Overview and Level Annotations

Branches:
Dungeon (4/15)
 Temple: D:4-7

Altars:
Makhleb
The Shining One


Innate Abilities, Weirdness & Mutations

Your experience applies equally to all skills.
You have very sharp teeth.
Your uncanny sense of smell can sniff out nearby items.


Message History

The orc shouts!
You hear an angry hiss.
Something hits you.
The orc wizard gestures at you while chanting.
The magic dart hits you!
* * * LOW HITPOINT WARNING * * *
You closely miss something. You bite something.
You hear some strange, mumbled words.
A puff of frost appears from out of thin air!
The puff of frost misses you. Something hits you but does no damage.
You feel sick. Something hits you.
* * * LOW HITPOINT WARNING * * *
Something hits you.
* * * LOW HITPOINT WARNING * * *
The orc throws a boomerang.
The weapon returns to the orc!
You hear some strange, mumbled words.
A puff of flame appears from out of thin air!
The puff of flame hits you!
* * * LOW HITPOINT WARNING * * *
The orc throws a boomerang.
The boomerang hits you.
You die...

.#####.##.# .. ..... .#......# #
..##.#.#.. .#..##..# .......#<.
.#......# #...... .#.####.#.
#...... .#........ ##.#.#.
.#.############## .......
................############.####
##.##########...@..o>......... .
#.# #.......(.....(... . #.#
#.#.#####..###### # #.#
#.#........o...# . #.#
#.#.#..#.#>#.#.# .. #.#
#.#.##...†.....# ... #.#
#.#.##.#.....#.# .... #.#
#.#.#..........#..... #.#
#.#....#.....#.(....[


You could see an orc wizard and an orc.

Vanquished Creatures
  A hound (D:3)
  An orc priest (D:3)
  A worker ant (D:4)
  An orc wizard (D:2)
  6 adders
  An ooze (D:1)
  2 worms
  A leopard gecko (D:1)
  5 orcs
  4 ball pythons (D:2)
  7 giant cockroaches
  4 goblins
  9 hobgoblins
  8 kobolds
  4 quokkas
  16 bats
  3 frilled lizards
  4 rats (D:2)
78 creatures vanquished.

Notes
Turn   | Place    | Note
-------+----------+-------------------------------------------
     0 | D:1      | arb the Gnoll Warper began the quest for the Orb.
     0 | D:1      | Reached XP level 1. HP: 20/20 MP: 6/6
   172 | D:1      | Reached XP level 2. HP: 26/26 MP: 7/7
   200 | D:1      | Learned a level 2 spell: Blink
   708 | D:1      | Reached XP level 3. HP: 29/31 MP: 9/9
   793 | D:1      | Reached skill level 5 in Spellcasting
  1089 | D:2      | Reached skill level 1 in Invocations
  1112 | D:2      | Reached skill level 1 in Short Blades
  1112 | D:2      | Reached skill level 1 in Long Blades
  1112 | D:2      | Reached skill level 1 in Axes
  1112 | D:2      | Reached skill level 1 in Polearms
  1112 | D:2      | Reached skill level 1 in Staves
  1112 | D:2      | Reached skill level 1 in Slings
  1112 | D:2      | Reached skill level 1 in Bows
  1112 | D:2      | Reached skill level 1 in Crossbows
  1112 | D:2      | Reached skill level 1 in Stealth
  1112 | D:2      | Reached skill level 1 in Shields
  1112 | D:2      | Reached skill level 1 in Unarmed Combat
  1112 | D:2      | Reached skill level 1 in Evocations
  1198 | D:2      | Reached XP level 4. HP: 38/38 MP: 11/11
  1515 | D:2      | Found a glowing golden altar of the Shining One.
  1742 | D:2      | Reached skill level 1 in Conjurations
  1742 | D:2      | Reached skill level 1 in Hexes
  1742 | D:2      | Reached skill level 1 in Summonings
  1742 | D:2      | Reached skill level 1 in Necromancy
  1742 | D:2      | Reached skill level 1 in Transmutations
  1742 | D:2      | Reached skill level 1 in Fire Magic
  1742 | D:2      | Reached skill level 1 in Ice Magic
  1742 | D:2      | Reached skill level 1 in Air Magic
  1742 | D:2      | Reached skill level 1 in Earth Magic
  1742 | D:2      | Reached skill level 1 in Poison Magic
  1837 | D:2      | Learned a level 3 spell: Gell's Gravitas
  1885 | D:2      | Learned a level 3 spell: Lesser Beckoning
  1889 | D:2      | Learned a level 3 spell: Teleport Other
  2102 | D:3      | Reached XP level 5. HP: 35/43 MP: 12/12
  3084 | D:3      | Found a burning altar of Makhleb.
  3717 | D:4      | Reached XP level 6. HP: 49/50 MP: 13/13
  4026 | D:4      | HP: 1/50 [something/puff of flame (10)]
  4027 | D:4      | Hit by a boomerang thrown by an orc

Illustrated notes

Levels and vault maps discovered:
D:1:      dpeg_arrival_rhombi, layout_basic, hangedman_decor_opposing,
          minmay_misc_feat_doors, fountainhead, lemuel_another_geyser
D:2:      minmay_chambers_of_ones, layout_basic, tso_metal_star, serial_glass,
          glass_columns_c, glass_columns_a
D:3:      layout_loops_corners, makhleb_blood_cavern_becter
D:4:      layout_basic, skrybe_limestone_x, st_stairs_2

Skill      XL: |  1  2  3  4  5 |
---------------+----------------+-----
Spellcasting   | 5 |  5.3
Invocations    | 1 2 |  2.0
Short Blades   | 1 |  1.8
Long Blades    | 1 |  1.8
Axes           | 1 |  1.8
Polearms       | 1 |  1.8
Staves         | 1 |  1.8
Slings         | 1 |  1.8
Bows           | 1 |  1.8
Crossbows      | 1 |  1.8
Stealth        | 1 |  1.8
Shields        | 1 |  1.8
Unarmed Combat | 1 |  1.8
Evocations     | 1 |  1.8
Conjurations   | 1 |  1.4
Hexes          | 1 |  1.4
Summonings     | 1 |  1.4
Necromancy     | 1 |  1.4
Transmutations | 1 |  1.4
Fire Magic     | 1 |  1.4
Ice Magic      | 1 |  1.4
Air Magic      | 1 |  1.4
Earth Magic    | 1 |  1.4
Poison Magic   | 1 |  1.4
Throwing       | 3 |  3.1
Armour         | 3 |  3.1
Fighting       | |  4.9
Maces & Flails | |  4.9
Dodging        | |  4.9
Translocations | |  5.6

Action                   |  1- 3 |  4- 6 || total
-------------------------+-------+-------++-------
Melee: Mace              |   105 |   166 ||   271
       Bite              |     7 |    19 ||    26
       Punch             |       |     1 ||     1
Throw: Stone             |     1 |       ||     1
       Dart              |     9 |    19 ||    28
 Cast: Blink             |       |     1 ||     1
  Use: Potion            |     2 |       ||     2
Armor: Leather armour    |    38 |    29 ||    67
       Scale mail        |       |    36 ||    36
Dodge: Dodged            |   129 |   142 ||   271
